Workbook

Sheet README
A3: Title | B3: Conformance testing generic process flows and detailed AS-PSP conformance testing scenarios
A5: Description: | B5: Context As agreed in the 6-2-2019 NISP-NL workshop, NISP-NL delivers this document to AS-PSPs, containing all relevant conformance testing scenarios, enabling AS-PSPs to check the conformance of their dedicated interface to the PSD2 XS2A norm. Goal This document serves the purpose of 1) providing a check on testing completeness by AS-PSPs and 2) allows AS-PSPs to report on the results of conformance testing to the DNB in a standardised manner Scope This document aims to describe generic scenarios that are applicable to NL AS-PSPs in testing conformance to the requirements following from PSD2. In doing so, it describes scenarios for PIS, AIS, CAF and different SCA methods, separately (in line with DNB exemption form, conformance testing does not need to occur end-to-end). As the document tries to include all possible testing scenarios within PIS, AIS, CAF and the different SCA methods for all NL AS-PSPs, it can occur that some steps are not applicable to the specific implementation of an AS-PSP's dedicated interface. When this applies, no results need to be presented to the DNB for these steps. To ensure overview at a quick glance, please indicate scenarios that do not apply to your implementation of the dedicated interface with 'n/a' in column L Reading guide Each process is visualised in a process flow, and per process flow the document describes generic steps (column G, H, I). Column J allows, where applicable, for an AS-PSP to fill in specific scenarios that apply to the implementation of their dedicated interface (e.g. the different payment products or account information consent scopes). The scenarios to be filled in by the AS-PSP are detailed in each separate reading guide. Column K contains a unique identifier per step to be tested, allowing for optimal traceability. Column L can be used to indicate if the scenario has been successfully tested. Column M allows to indicate when conformance testing for specific scenario is planned (if applicable). Column N can be used to insert a reference to bank proprietary testing documentation evidencing the successful testing of the scenario Scope current version The document contains conformance testing scenarios for PIS, AIS, CAF and SCA redirect, SCA decoupled and SCA embedded Please see the reading guide per service for specific instructions per service
A7: Workstream | B7: NISP-NL conformance testing workstream
A8: Content: | B8: Conformance testing scenarios for AS-PSPs (scope: PIS, AIS, CAF, SCA redirect, SCA Decoupled, SCA Embedded)
A9: Status: | B9: Final
A10: Author: | B10: Betaalverenging Nederland
A11: Date: | B11: 43601
A12: Revision history: | B12: This document is revised by:
B14: Status | C14: Date | D14: Author | E14: Comment
B15: First draft | C15: 43503 | D15: BVN | E15: Content: first draft conformance testing reporting for PIS, AIS, CAF
B16: Intermediate | C16: 43524 | D16: BVN | E16: Content: intermediate draft conformance testing reporting for PIS, AIS, CAF, SCA redirect
B17: Intermediate | C17: 43542 | D17: BVN | E17: Content: final draft conformance testing reporting for PIS, AIS, CAF (Updated), SCA redirect, SCA decoupled
B18: Final | C18: 43560 | D18: BVN | E18: Content: final draft conformance testing reporting for PIS, AIS, CAF, SCA redirect, SCA decoupled, SCA embedded
B19: Revised Final | C19: 43601 | D19: BVN | E19: Corrected 3 minor errors: 1) section 1.4 row 67: formulated differently 2) section 2.4 row 20: removed faulty reference to omplementer ption under Berlin Group 3) section 2.4 row 49: corrected a typo

Sheet 1. PIS >>>

Sheet PIS ReadingGuide
A3: Title | B3: Payment Initiation Service - Reading Guide
A5: Description: | B5: As AS-PSPs need to offer the same functionality as in their current PSU interface, and AS-PSPs differ in terms of functionality offered in their current PSU interface, the total scope of conformance testing differs per AS-PSP. Please fill in the payment products that apply to the implementation of your dedicated interface. These will be automatically filled in the correct testing processes as detailed scenarios (column J) and determine the scope of your conformance testing. The PIS section consists of the following process flows: 1.1 Payment Initiation Request 1.2 Payment Cancellation 1.3 Get Transaction Status Request 1.4 Get Payment Request 1.5 Get Cancellation Authorisation Sub-Resources Request
B7: To be filled in by AS-PSP
A9: All payment product types that are supported by AS-PSP: | B9: Insert payment product/type 1
B10: Insert payment product/type 2
B11: Insert payment product/type 3
B12: Insert payment product/type 4
B13: Insert payment product/type 5
B14: Insert payment product/type 6
B15: Insert payment product/type 7
B16: Insert payment product/type 8
B17: Insert payment product/type 9
B18: Insert payment product/type 10
B19: Insert payment product/type 11
B20: Insert payment product/type 12
B21: Insert payment product/type 13
... B40: Examples
A42: Examples of payment product types (please note that this list is not exhaustive and is for exemplary purposes only) | B42: Payment product:
B43: Single payments
B44: Bulk payments:
B45: Periodic payments:
B47: Payment Types:
B48: sepa-credit-transfers
B49: instant-sepa-credit-transfers
B50: target-2-payments
B51: cross-border-credit-transfers
B52: pain.001-sepa-credit-transfers
B53: pain.001-instant-sepa-credit-transfers
B54: pain.001-target-2-payments
B55: pain.001-cross-border-credit-transfers

Sheet 1.1 PayIniReq
A1: 1.1 | B1: Payment initiation request
B2: This service request is used to submit data needed to initiate the corresponding payment.
F3: # | G3: Processing event | H3: Outcome(s) | I3: High-level description of generic scenario(s) | J3: Description of specific scenario(s) | K3: Scenario number | L3: Result testing scenario | M3: Planned completion date | N3: Documentation reference
G4: Order of events of the process flow | H4: Overview of possible outcome(s) of the event | I4: Generic scenario(s) that can occur with outcome(s) | J4: Detailed scenarios that apply to [AS-PSP]. Note: some detailed scenarios need to be filled in by AS-PSP in reading guide | K4: Unique scenario reference | L4: Report on testresult for scenario (yes / no / n/a) | M4: If applicable, add planned date ('XX-XX-XXX') for when scenario is expected to be successfully tested | N4: If applicable, reference to relevant testing documentation can be inserted here
F5: 1 | G5: Start | H5: Payment Initiation Request Delivered | I5: Test if requests of all payment products/types the AS-PSPs offers can be delivered | J5: ='PIS ReadingGuide'!B9 -> Insert payment product/type 1 | K5: PayIniReq_1
J6: ='PIS ReadingGuide'!B10 -> Insert payment product/type 2 | K6: PayIniReq_2
J7: ='PIS ReadingGuide'!B11 -> Insert payment product/type 3 | K7: PayIniReq_3
J8: ='PIS ReadingGuide'!B12 -> Insert payment product/type 4 | K8: PayIniReq_4
J9: ='PIS ReadingGuide'!B13 -> Insert payment product/type 5 | K9: PayIniReq_5
J10: ='PIS ReadingGuide'!B14 -> Insert payment product/type 6 | K10: PayIniReq_6
J11: ='PIS ReadingGuide'!B15 -> Insert payment product/type 7 | K11: PayIniReq_7
J12: ='PIS ReadingGuide'!B16 -> Insert payment product/type 8 | K12: PayIniReq_8
J13: ='PIS ReadingGuide'!B17 -> Insert payment product/type 9 | K13: PayIniReq_9
J14: ='PIS ReadingGuide'!B18 -> Insert payment product/type 10 | K14: PayIniReq_10
J15: ='PIS ReadingGuide'!B19 -> Insert payment product/type 11 | K15: PayIniReq_11
J16: ='PIS ReadingGuide'!B20 -> Insert payment product/type 12 | K16: PayIniReq_12
J17: ='PIS ReadingGuide'!B21 -> Insert payment product/type 13 | K17: PayIniReq_13
... J19: ='PIS ReadingGuide'!B23 -> Insert payment product/type 15 | K19: PayIniReq_15
E20: o | J20: ='PIS ReadingGuide'!B24 -> Insert payment product/type 16 | K20: PayIniReq_16
J21: ='PIS ReadingGuide'!B25 -> Insert payment product/type 17 | K21: PayIniReq_17
J22: ='PIS ReadingGuide'!B26 -> Insert payment product/type 18 | K22: PayIniReq_18
J23: ='PIS ReadingGuide'!B27 -> Insert payment product/type 19 | K23: PayIniReq_19
J24: ='PIS ReadingGuide'!B28 -> Insert payment product/type 20 | K24: PayIniReq_20
J25: ='PIS ReadingGuide'!B29 -> Insert payment product/type 21 | K25: PayIniReq_21
J26: ='PIS ReadingGuide'!B30 -> Insert payment product/type 22 | K26: PayIniReq_22
J27: ='PIS ReadingGuide'!B31 -> Insert payment product/type 23 | K27: PayIniReq_23
J28: ='PIS ReadingGuide'!B32 -> Insert payment product/type 24 | K28: PayIniReq_24
J29: ='PIS ReadingGuide'!B33 -> Insert payment product/type 25 | K29: PayIniReq_25
J30: ='PIS ReadingGuide'!B34 -> Insert payment product/type 26 | K30: PayIniReq_26
J31: ='PIS ReadingGuide'!B35 -> Insert payment product/type 27 | K31: PayIniReq_27
J32: ='PIS ReadingGuide'!B36 -> Insert payment product/type 28 | K32: PayIniReq_28
... J34: ='PIS ReadingGuide'!B38 -> Insert payment product/type 30 | K34: PayIniReq_30
F35: 2 | G35: Validate request | H35: NOK | I35: The correct response code should be returned per payment request | J35: - Response code 403 (PRODUCT_INVALID): if product not available to PSU | K35: PayIniReq_31
J36: - Response code 404 (PRODUCT_UNKNOWN): if product not supported by AS-PSP | K36: PayIniReq_32
J37: - Response code 400 (EXECUTIONDATE_INVALID): if requested execution date not valid for AS-PSP | K37: PayIniReq_33
H38: OK | I38: Payment should not be rejected if the currency of product is not the same as currency of TPP's account | K38: PayIniReq_34
F39: 3 | G39: Prepare Rejection | H39: Rejected | I39: Correct response should be returned in the case of a rejected request | K39: PayIniReq_35
F40: 4 | G40: Determine transaction fees | H40: Transaction fees determined | I40: Check if Transaction fee is included in response | J40: Either with "true" or "false", depending on whether the payment destination involves specific transfer cost for PSU | K40: PayIniReq_36
F41: 5 | G41: Select SCA approach | H41: Continuation of the payment process | K41: PayIniReq_37

Sheet 1.2 PayCan
A1: 1.2 | B1: Payment Cancellation
B2: This scenario describes a payment cancellation initiation.
F3: # | G3: Processing event | H3: Outcome(s) | I3: High-level description of generic scenario(s) | J3: Description of specific scenario(s) | K3: Scenario number | L3: Result testing scenario | M3: Planned completion date | N3: Documentation reference
G4: Order of events of the process flow | H4: Overview of possible outcome(s) of the event | I4: Generic scenario(s) that can occur with outcome(s) | J4: Detailed scenarios that apply to [AS-PSP]. Note: some detailed scenarios need to be filled in by AS-PSP in reading guide | K4: Unique scenario reference | L4: Report on testresult for scenario (yes / no / n/a) | M4: If applicable, add planned date ('XX-XX-XXX') for when scenario is expected to be successfully tested | N4: If applicable, reference to relevant testing documentation can be inserted here
F5: 1 | G5: Start | H5: Delete Payment Initiation Request Delivered | I5: Test if request for deletion can be delivered for all payment products and types AS-PSPs offers to PSU in online interface | J5: ='PIS ReadingGuide'!B9 -> Insert payment product/type 1 | K5: PayCan_1
J6: ='PIS ReadingGuide'!B10 -> Insert payment product/type 2 | K6: PayCan_2
J7: ='PIS ReadingGuide'!B11 -> Insert payment product/type 3 | K7: PayCan_3
J8: ='PIS ReadingGuide'!B12 -> Insert payment product/type 4 | K8: PayCan_4
J9: ='PIS ReadingGuide'!B13 -> Insert payment product/type 5 | K9: PayCan_5
J10: ='PIS ReadingGuide'!B14 -> Insert payment product/type 6 | K10: PayCan_6
J11: ='PIS ReadingGuide'!B15 -> Insert payment product/type 7 | K11: PayCan_7
J12: ='PIS ReadingGuide'!B16 -> Insert payment product/type 8 | K12: PayCan_8
J13: ='PIS ReadingGuide'!B17 -> Insert payment product/type 9 | K13: PayCan_9
J14: ='PIS ReadingGuide'!B18 -> Insert payment product/type 10 | K14: PayCan_10
J15: ='PIS ReadingGuide'!B19 -> Insert payment product/type 11 | K15: PayCan_11
J16: ='PIS ReadingGuide'!B20 -> Insert payment product/type 12 | K16: PayCan_12
J17: ='PIS ReadingGuide'!B21 -> Insert payment product/type 13 | K17: PayCan_13
... J34: ='PIS ReadingGuide'!B38 -> Insert payment product/type 30 | K34: PayCan_30
F35: 2 | G35: Validate request | H35: NOK | I35: - For each payment product and type, check if AS-PSP supports only creation and no cancellation if product not available to PSU (Response Code 403, Product_invalid) | J35: ='PIS ReadingGuide'!B9 -> Insert payment product/type 1 | K35: PayCan_31
J36: ='PIS ReadingGuide'!B10 -> Insert payment product/type 2 | K36: PayCan_32
J37: ='PIS ReadingGuide'!B11 -> Insert payment product/type 3 | K37: PayCan_33
J38: ='PIS ReadingGuide'!B12 -> Insert payment product/type 4 | K38: PayCan_34
J39: ='PIS ReadingGuide'!B13 -> Insert payment product/type 5 | K39: PayCan_35
J40: ='PIS ReadingGuide'!B14 -> Insert payment product/type 6 | K40: PayCan_36
J41: ='PIS ReadingGuide'!B15 -> Insert payment product/type 7 | K41: PayCan_37
J42: ='PIS ReadingGuide'!B16 -> Insert payment product/type 8 | K42: PayCan_38
J43: ='PIS ReadingGuide'!B17 -> Insert payment product/type 9 | K43: PayCan_39
J44: ='PIS ReadingGuide'!B18 -> Insert payment product/type 10 | K44: PayCan_40
J45: ='PIS ReadingGuide'!B19 -> Insert payment product/type 11 | K45: PayCan_41
J46: ='PIS ReadingGuide'!B20 -> Insert payment product/type 12 | K46: PayCan_42
J47: ='PIS ReadingGuide'!B21 -> Insert payment product/type 13 | K47: PayCan_43
... J64: ='PIS ReadingGuide'!B38 -> Insert payment product/type 30 | K64: PayCan_60
I65: - For each payment product and type, check if cancellation is no longer possible if payment resource has reached status where cancellation is no longer possible (Response Code 400, Resource_blocked) | J65: ='PIS ReadingGuide'!B9 -> Insert payment product/type 1 | K65: PayCan_61
J66: ='PIS ReadingGuide'!B10 -> Insert payment product/type 2 | K66: PayCan_62
J67: ='PIS ReadingGuide'!B11 -> Insert payment product/type 3 | K67: PayCan_63
J68: ='PIS ReadingGuide'!B12 -> Insert payment product/type 4 | K68: PayCan_64
J69: ='PIS ReadingGuide'!B13 -> Insert payment product/type 5 | K69: PayCan_65
J70: ='PIS ReadingGuide'!B14 -> Insert payment product/type 6 | K70: PayCan_66
J71: ='PIS ReadingGuide'!B15 -> Insert payment product/type 7 | K71: PayCan_67
J72: ='PIS ReadingGuide'!B16 -> Insert payment product/type 8 | K72: PayCan_68
J73: ='PIS ReadingGuide'!B17 -> Insert payment product/type 9 | K73: PayCan_69
J74: ='PIS ReadingGuide'!B18 -> Insert payment product/type 10 | K74: PayCan_70
J75: ='PIS ReadingGuide'!B19 -> Insert payment product/type 11 | K75: PayCan_71
J76: ='PIS ReadingGuide'!B20 -> Insert payment product/type 12 | K76: PayCan_72
J77: ='PIS ReadingGuide'!B21 -> Insert payment product/type 13 | K77: PayCan_73
... J94: ='PIS ReadingGuide'!B38 -> Insert payment product/type 30 | K94: PayCan_90
H95: OK | K95: PayCan_91
F96: 3 | G96: SCA required | H96: NO | I96: For each payment product and type, check if cancellation is immediately executed without need of SCA | J96: ='PIS ReadingGuide'!B9 -> Insert payment product/type 1 | K96: PayCan_92
J97: ='PIS ReadingGuide'!B10 -> Insert payment product/type 2 | K97: PayCan_93
J98: ='PIS ReadingGuide'!B11 -> Insert payment product/type 3 | K98: PayCan_94
J99: ='PIS ReadingGuide'!B12 -> Insert payment product/type 4 | K99: PayCan_95
J100: ='PIS ReadingGuide'!B13 -> Insert payment product/type 5 | K100: PayCan_96
J101: ='PIS ReadingGuide'!B14 -> Insert payment product/type 6 | K101: PayCan_97
J102: ='PIS ReadingGuide'!B15 -> Insert payment product/type 7 | K102: PayCan_98
J103: ='PIS ReadingGuide'!B16 -> Insert payment product/type 8 | K103: PayCan_99
J104: ='PIS ReadingGuide'!B17 -> Insert payment product/type 9 | K104: PayCan_100
J105: ='PIS ReadingGuide'!B18 -> Insert payment product/type 10 | K105: PayCan_101
J106: ='PIS ReadingGuide'!B19 -> Insert payment product/type 11 | K106: PayCan_102
J107: ='PIS ReadingGuide'!B20 -> Insert payment product/type 12 | K107: PayCan_103
J108: ='PIS ReadingGuide'!B21 -> Insert payment product/type 13 | K108: PayCan_104
... J125: ='PIS ReadingGuide'!B38 -> Insert payment product/type 30 | K125: PayCan_121
H126: YES | I126: If SCA is required, check that for each payment product and type cancellation is not executed without SCA, and that cancellation is executed if SCA is successfully performed | J126: ='PIS ReadingGuide'!B9 -> Insert payment product/type 1 | K126: PayCan_122
J127: ='PIS ReadingGuide'!B10 -> Insert payment product/type 2 | K127: PayCan_123
J128: ='PIS ReadingGuide'!B11 -> Insert payment product/type 3 | K128: PayCan_124
J129: ='PIS ReadingGuide'!B12 -> Insert payment product/type 4 | K129: PayCan_125
J130: ='PIS ReadingGuide'!B13 -> Insert payment product/type 5 | K130: PayCan_126
J131: ='PIS ReadingGuide'!B14 -> Insert payment product/type 6 | K131: PayCan_127
J132: ='PIS ReadingGuide'!B15 -> Insert payment product/type 7 | K132: PayCan_128
J133: ='PIS ReadingGuide'!B16 -> Insert payment product/type 8 | K133: PayCan_129
J134: ='PIS ReadingGuide'!B17 -> Insert payment product/type 9 | K134: PayCan_130
J135: ='PIS ReadingGuide'!B18 -> Insert payment product/type 10 | K135: PayCan_131
J136: ='PIS ReadingGuide'!B19 -> Insert payment product/type 11 | K136: PayCan_132
J137: ='PIS ReadingGuide'!B20 -> Insert payment product/type 12 | K137: PayCan_133
J138: ='PIS ReadingGuide'!B21 -> Insert payment product/type 13 | K138: PayCan_134
... J155: ='PIS ReadingGuide'!B38 -> Insert payment product/type 30 | K155: PayCan_151
F156: 4 | G156: Perform SCA (only applicable to 'receive scope of account information consent request from TPP') | H156: See section 4.
F157: 5 | G157: Set Payment status = cancelled | I157: Check if after cancellation payment resource can no longer be addressed for further authorisation | J157: - Response code 409 (STATUS_INVALID): for any call corresponding to authorisation | K157: PayCan_152

Sheet 1.3 TraStaReq
A1: 1.3 | B1: Transaction Status Request
B2: This service request is used to retrieve the status of a payment initiation.
F3: # | G3: Processing event | H3: Outcome(s) | I3: High-level description of generic scenario(s) | J3: Description of specific scenario(s) | K3: Scenario number | L3: Result testing scenario | M3: Planned completion date | N3: Documentation reference
G4: Order of events of the process flow | H4: Overview of possible outcome(s) of the event | I4: Generic scenario(s) that can occur with outcome(s) | J4: Detailed scenarios that apply to [AS-PSP]. Note: some detailed scenarios need to be filled in by AS-PSP in reading guide | K4: Unique scenario reference | L4: Report on testresult for scenario (yes / no / n/a) | M4: If applicable, add planned date ('XX-XX-XXX') for when scenario is expected to be successfully tested | N4: If applicable, reference to relevant testing documentation can be inserted here
F5: 1 | G5: Start | H5: Get transaction status request delivered | I5: Check that for all payment products and payment types a transaction status request can be delivered | J5: ='PIS ReadingGuide'!B9 -> Insert payment product/type 1 | K5: TraStaReq_1
J6: ='PIS ReadingGuide'!B10 -> Insert payment product/type 2 | K6: TraStaReq_2
J7: ='PIS ReadingGuide'!B11 -> Insert payment product/type 3 | K7: TraStaReq_3
J8: ='PIS ReadingGuide'!B12 -> Insert payment product/type 4 | K8: TraStaReq_4
J9: ='PIS ReadingGuide'!B13 -> Insert payment product/type 5 | K9: TraStaReq_5
J10: ='PIS ReadingGuide'!B14 -> Insert payment product/type 6 | K10: TraStaReq_6
J11: ='PIS ReadingGuide'!B15 -> Insert payment product/type 7 | K11: TraStaReq_7
J12: ='PIS ReadingGuide'!B16 -> Insert payment product/type 8 | K12: TraStaReq_8
J13: ='PIS ReadingGuide'!B17 -> Insert payment product/type 9 | K13: TraStaReq_9
J14: ='PIS ReadingGuide'!B18 -> Insert payment product/type 10 | K14: TraStaReq_10
J15: ='PIS ReadingGuide'!B19 -> Insert payment product/type 11 | K15: TraStaReq_11
J16: ='PIS ReadingGuide'!B20 -> Insert payment product/type 12 | K16: TraStaReq_12
J17: ='PIS ReadingGuide'!B21 -> Insert payment product/type 13 | K17: TraStaReq_13
... J34: ='PIS ReadingGuide'!B38 -> Insert payment product/type 30 | K34: TraStaReq_30
F35: 2 | G35: Validate request | H35: NOK | I35: If no payment resource has been created by the AS-PSP with the payment-Id in the path of the Request, then request is declined | J35: - Code 404 (RESOURCE_UNKNOWN), if no payment resource has been created by the AS-PSP with the payment-Id in the path of the Request | K35: TraStaReq_31
H36: OK | I36: Determine transaction status | K36: TraStaReq_32
F37: 3 | G37: Determine transaction status | H37: Transaction status determined | I37: Check that the response has the correct characteristics: a valid GET transaction status request is responded to including a transaction status that is either one of the following statuses: - "RCVD" - "RJCT" - "CANC" - "ACTC" - "ACWC" - "ACCP" - "ACFC" - "ACSP" - "ACSC" - "ACCC" | J37: ='PIS ReadingGuide'!B9 -> Insert payment product/type 1 | K37: TraStaReq_33
J38: ='PIS ReadingGuide'!B10 -> Insert payment product/type 2 | K38: TraStaReq_34
J39: ='PIS ReadingGuide'!B11 -> Insert payment product/type 3 | K39: TraStaReq_35
J40: ='PIS ReadingGuide'!B12 -> Insert payment product/type 4 | K40: TraStaReq_36
J41: ='PIS ReadingGuide'!B13 -> Insert payment product/type 5 | K41: TraStaReq_37
J42: ='PIS ReadingGuide'!B14 -> Insert payment product/type 6 | K42: TraStaReq_38
J43: ='PIS ReadingGuide'!B15 -> Insert payment product/type 7 | K43: TraStaReq_39
J44: ='PIS ReadingGuide'!B16 -> Insert payment product/type 8 | K44: TraStaReq_40
J45: ='PIS ReadingGuide'!B17 -> Insert payment product/type 9 | K45: TraStaReq_41
J46: ='PIS ReadingGuide'!B18 -> Insert payment product/type 10 | K46: TraStaReq_42
J47: ='PIS ReadingGuide'!B19 -> Insert payment product/type 11 | K47: TraStaReq_43
J48: ='PIS ReadingGuide'!B20 -> Insert payment product/type 12 | K48: TraStaReq_44
J49: ='PIS ReadingGuide'!B21 -> Insert payment product/type 13 | K49: TraStaReq_45
... J66: ='PIS ReadingGuide'!B38 -> Insert payment product/type 30 | K66: TraStaReq_62
I67: If format of transaction status request is invalid, the correct response code should be returned | J67: - Response code 406 (REQUESTED_FORMATS_INVALID) | K67: TraStaReq_63

Sheet 1.4 PayReq
A1: 1.4 | B1: Payment Request
B2: This service request is used to retrieve the content of the payment object corresponding to a payment initiation.
F3: # | G3: Processing event | H3: Outcome(s) | I3: High-level description of generic scenario(s) | J3: Description of specific scenario(s) | K3: Scenario number | L3: Result testing scenario | M3: Planned completion date | N3: Documentation reference
G4: Order of events of the process flow | H4: Overview of possible outcome(s) of the event | I4: Generic scenario(s) that can occur with outcome(s) | J4: Detailed scenarios that apply to [AS-PSP]. Note: some detailed scenarios need to be filled in by AS-PSP in reading guide | K4: Unique scenario reference | L4: Report on testresult for scenario (yes / no / n/a) | M4: If applicable, add planned date ('XX-XX-XXX') for when scenario is expected to be successfully tested | N4: If applicable, reference to relevant testing documentation can be inserted here
F5: 1 | G5: Start | H5: Get payment request delivered | I5: Check that payment object of all payment products and types can be successfully retrieved | J5: ='PIS ReadingGuide'!B9 -> Insert payment product/type 1 | K5: PayReq_1
J6: ='PIS ReadingGuide'!B10 -> Insert payment product/type 2 | K6: PayReq_2
J7: ='PIS ReadingGuide'!B11 -> Insert payment product/type 3 | K7: PayReq_3
J8: ='PIS ReadingGuide'!B12 -> Insert payment product/type 4 | K8: PayReq_4
J9: ='PIS ReadingGuide'!B13 -> Insert payment product/type 5 | K9: PayReq_5
J10: ='PIS ReadingGuide'!B14 -> Insert payment product/type 6 | K10: PayReq_6
J11: ='PIS ReadingGuide'!B15 -> Insert payment product/type 7 | K11: PayReq_7
J12: ='PIS ReadingGuide'!B16 -> Insert payment product/type 8 | K12: PayReq_8
J13: ='PIS ReadingGuide'!B17 -> Insert payment product/type 9 | K13: PayReq_9
J14: ='PIS ReadingGuide'!B18 -> Insert payment product/type 10 | K14: PayReq_10
J15: ='PIS ReadingGuide'!B19 -> Insert payment product/type 11 | K15: PayReq_11
J16: ='PIS ReadingGuide'!B20 -> Insert payment product/type 12 | K16: PayReq_12
J17: ='PIS ReadingGuide'!B21 -> Insert payment product/type 13 | K17: PayReq_13
... J34: ='PIS ReadingGuide'!B38 -> Insert payment product/type 30 | K34: PayReq_30
F35: 2 | G35: Validate request | H35: NOK | I35: If no payment resource has been created by the AS-PSP with the payment-Id in the path of the Request, then request is declined | J35: - Code 404 (RESOURCE_UNKNOWN), if no payment resource has been created by the AS-PSP with the payment-Id in the path of the Request | K35: PayReq_31
H36: OK | I36: Fetch payment object | K36: PayReq_32
F37: 3 | G37: Fetch payment object | H37: Payment object included | I37: - Check for all payment products and types whether a payment initiation can be successfully retrieved and its content corresponds to the payment data included in the payment initiation | J37: ='PIS ReadingGuide'!B9 -> Insert payment product/type 1 | K37: PayReq_33
J38: ='PIS ReadingGuide'!B10 -> Insert payment product/type 2 | K38: PayReq_34
J39: ='PIS ReadingGuide'!B11 -> Insert payment product/type 3 | K39: PayReq_35
J40: ='PIS ReadingGuide'!B12 -> Insert payment product/type 4 | K40: PayReq_36
J41: ='PIS ReadingGuide'!B13 -> Insert payment product/type 5 | K41: PayReq_37
J42: ='PIS ReadingGuide'!B14 -> Insert payment product/type 6 | K42: PayReq_38
J43: ='PIS ReadingGuide'!B15 -> Insert payment product/type 7 | K43: PayReq_39
J44: ='PIS ReadingGuide'!B16 -> Insert payment product/type 8 | K44: PayReq_40
J45: ='PIS ReadingGuide'!B17 -> Insert payment product/type 9 | K45: PayReq_41
J46: ='PIS ReadingGuide'!B18 -> Insert payment product/type 10 | K46: PayReq_42
J47: ='PIS ReadingGuide'!B19 -> Insert payment product/type 11 | K47: PayReq_43
J48: ='PIS ReadingGuide'!B20 -> Insert payment product/type 12 | K48: PayReq_44
J49: ='PIS ReadingGuide'!B21 -> Insert payment product/type 13 | K49: PayReq_45
... J66: ='PIS ReadingGuide'!B38 -> Insert payment product/type 30 | K66: PayReq_62
I67: Check for encoding of payment bodies whether the format of the request for the payment object is supported by the ASPSP | J67: Code 406 (REQUESTED_FORMAT_INVALID) needs to be returned if it is not the case | K67: PayReq_63

Sheet 1.5 CanAutSubReq
A1: 1.5 | B1: Cancellation Authorisation Sub-Resources
B2: This service request is used to retrieve the identifications for all generated cancellation sub- resources of a referenced resource.
F3: # | G3: Processing event | H3: Outcome(s) | I3: High-level description of generic scenario(s) | J3: Description of specific scenario(s) | K3: Scenario number | L3: Result testing scenario | M3: Planned completion date | N3: Documentation reference
G4: Order of events of the process flow | H4: Overview of possible outcome(s) of the event | I4: Generic scenario(s) that can occur with outcome(s) | J4: Detailed scenarios that apply to [AS-PSP]. Note: some detailed scenarios need to be filled in by AS-PSP in reading guide | K4: Unique scenario reference | L4: Report on testresult for scenario (yes / no / n/a) | M4: If applicable, add planned date ('XX-XX-XXX') for when scenario is expected to be successfully tested | N4: If applicable, reference to relevant testing documentation can be inserted here | P4: Scenario successfully tested
F5: 1 | G5: Start | H5: Get Cancellation Authorisation Sub-Resource Request Delivered | I5: Check that Cancellation Authorisation Sub-Resource Requests of all payment products and types can be successfully retrieved | J5: ='PIS ReadingGuide'!B9 -> Insert payment product/type 1 | K5: CanAutSubReq_1 | P5: Yes
J6: ='PIS ReadingGuide'!B10 -> Insert payment product/type 2 | K6: CanAutSubReq_2 | P6: No
J7: ='PIS ReadingGuide'!B11 -> Insert payment product/type 3 | K7: CanAutSubReq_3 | P7: n/a
J8: ='PIS ReadingGuide'!B12 -> Insert payment product/type 4 | K8: CanAutSubReq_4
J9: ='PIS ReadingGuide'!B13 -> Insert payment product/type 5 | K9: CanAutSubReq_5
J10: ='PIS ReadingGuide'!B14 -> Insert payment product/type 6 | K10: CanAutSubReq_6
J11: ='PIS ReadingGuide'!B15 -> Insert payment product/type 7 | K11: CanAutSubReq_7
J12: ='PIS ReadingGuide'!B16 -> Insert payment product/type 8 | K12: CanAutSubReq_8
J13: ='PIS ReadingGuide'!B17 -> Insert payment product/type 9 | K13: CanAutSubReq_9
J14: ='PIS ReadingGuide'!B18 -> Insert payment product/type 10 | K14: CanAutSubReq_10
J15: ='PIS ReadingGuide'!B19 -> Insert payment product/type 11 | K15: CanAutSubReq_11
J16: ='PIS ReadingGuide'!B20 -> Insert payment product/type 12 | K16: CanAutSubReq_12
J17: ='PIS ReadingGuide'!B21 -> Insert payment product/type 13 | K17: CanAutSubReq_13
J18: ='PIS ReadingGuide'!B22 -> Insert payment product/type 14 | K18: CanAutSubReq_14
J19: ='PIS ReadingGuide'!B23 -> Insert payment product/type 15 | K19: CanAutSubReq_15
... J34: ='PIS ReadingGuide'!B38 -> Insert payment product/type 30 | K34: CanAutSubReq_30
F35: 2 | G35: Validate request | H35: NOK | I35: If no payment resource has been created by the AS-PSP with the payment-Id in the path of the Request, then request is declined | J35: - Response code 404 (RESOURCE_UNKNOWN), if no payment resource has been created by the AS-PSP with the payment-Id in the path of the Request | K35: CanAutSubReq_31
H36: OK | K36: CanAutSubReq_32
F37: 3 | G37: Determine cancellation sub-resources | H37: Cancellation sub-resources included | I37: Check for correct cancellation attribute and ID | J37: - Cancellation attribute is contained in the Get Cancellation Authorisation Sub-Resources Response if the request is technically correct | K37: CanAutSubReq_33
J38: - Cancellation IDs contained in the Get Cancellation Authorisation Sub-Resources Response are consistent with the cancellation sub-resources created for the referenced resource | K38: CanAutSubReq_34

Sheet 2. AIS >>>

Sheet AIS ReadingGuide
A3: Title | B3: Account Information Service - Reading Guide
A5: Description: | B5: As AS-PSPs need to offer the same functionality as in their current PSU interface, and AS-PSPs differ in terms of functionality offered in their current PSU interface, the total scope of conformance testing differs per AS-PSP. Please fill in the different scopes of account information consent types that apply to the implementation of your dedicated interface. These will be automatically filled in the correct testing processes as detailed scenarios (column J) and determine the scope of your conformance testing. Account Information Service (AIS) offers the TPP to request a type of scope of account information of a PSU at the dedicated interface of the AS-PSP and consists of the following process flows: 2.1 Consent Establishment 2.2 Consent Status Request and Get Consent Request 2.3 Deletion of Consent 2.4 Account Data Reading In this chapter, the AS-PSP has to fill in all the scopes of account information consents that it supports below.
B7: To be filled in by AS-PSP
A9: Scopes of account information consents, supported by AS-PSP: | B9: Insert scope of account information consent type 1
B10: Insert scope of account information consent type 2
B11: Insert scope of account information consent type 3
B12: Insert scope of account information consent type 4
B13: Insert scope of account information consent type 5
B14: Insert scope of account information consent type 6
B15: Insert scope of account information consent type 7
B16: Insert scope of account information consent type 8
B17: Insert scope of account information consent type 9
B18: Insert scope of account information consent type 10
B20: Examples
A22: Examples of scopes of account information consent (please note that this list is not exhaustive and is for exemplary purposes only) | B22: Dedicated account list
B23: All PSD2 services for all accounts
B24: Only Access rights
B25: Accounts to be negotiated with PSU
B26: Available account list
B27: Available account list with Balance

Sheet 2.1 ConEst
A1: 2.1 | B1: Consent Establishment
B2: During the establishment of a new consent for AIS, details of the permitted information must be provided.
F3: # | G3: Processing event | H3: Outcome(s) | I3: High-level description of generic scenario(s) | J3: Description of specific scenario(s) | K3: Scenario number | L3: Result testing scenario | M3: Planned completion date | N3: Documentation reference
G4: Order of events of the process flow | H4: Overview of possible outcome(s) of the event | I4: Generic scenario(s) that can occur with outcome(s) | J4: Detailed scenarios that apply to [AS-PSP]. Note: some detailed scenarios need to be filled in by AS-PSP in reading guide | K4: Unique scenario reference | L4: Report on testresult for scenario (yes / no / n/a) | M4: If applicable, add planned date ('XX-XX-XXX') for when scenario is expected to be successfully tested | N4: If applicable, reference to relevant testing documentation can be inserted here
F5: 1 | G5: Start | H5: Receive account information consent request | I5: - Receive scope of account information consent request from TPP | J5: ='AIS ReadingGuide'!B9 -> Insert scope of account information consent type 1 | K5: ConEst_1
J6: ='AIS ReadingGuide'!B10 -> Insert scope of account information consent type 2 | K6: ConEst_2
J7: ='AIS ReadingGuide'!B11 -> Insert scope of account information consent type 3 | K7: ConEst_3
J8: ='AIS ReadingGuide'!B12 -> Insert scope of account information consent type 4 | K8: ConEst_4
J9: ='AIS ReadingGuide'!B13 -> Insert scope of account information consent type 5 | K9: ConEst_5
J10: ='AIS ReadingGuide'!B14 -> Insert scope of account information consent type 6 | K10: ConEst_6
I11: - Receive PSU in AS-PSP environment and determine scope of consent account information with PSU in AS-PSP environment, including SCA (if successful, skip to step 4) | J11: ='AIS ReadingGuide'!B15 -> Insert scope of account information consent type 7 | K11: ConEst_7
J12: ='AIS ReadingGuide'!B16 -> Insert scope of account information consent type 8 | K12: ConEst_8
J13: ='AIS ReadingGuide'!B17 -> Insert scope of account information consent type 9 | K13: ConEst_9
J14: ='AIS ReadingGuide'!B18 -> Insert scope of account information consent type 10 | K14: ConEst_10
F15: 2 | G15: Validate request (only applicable to 'receive scope of account information consent request from TPP') | H15: NOK | I15: AS-PSP declines scope of account information consent request | J15: If scope of account information consent is not supported by AS-PSP: - Response code 405 (SERVICE_INVALID) if AS-PSP does not support consent establishment for each variant of the consent | K15: ConEst_11
J16: If PSU-ID not linked to PSU: - Response code 400 (SERVICE_INVALID) if request contains a PSU-ID and at least one account that are NOT linked to PSU or if it does not contain a PSU-ID and at least 2 accounts with no common (corporate) PSU | K16: ConEst_12
H17: Request completely valid and date of validity determined | I17: Select SCA approach if status has "received" in it, and a valid date | K17: ConEst_13
F18: 3 | G18: Perform SCA (only applicable to 'receive scope of account information consent request from TPP') | H18: See section 4.
F19: 4 | G19: Consider details of consent | H19: Recurring Indicator = true AND there is a previous "recurring" consent for the same combination of TPP and PSU / Corporate PSU | I19: AS-PSP has to renew consent if applicable and terminate previous recurrent consent | J19: It has to be checked that if the scope of account information consent request displays field "recurringIndicator" as "true" AND there already is a consent with recurringIndicator=true for the same Combination of TPP and PSU/Corporate PSU, the AS-PSP deletes the old consent as soon as the new consent is completely established (SCA finished successful) | K19: ConEst_14
F20: 5 | G20: Proceed | H20: Request contains list of accounts that are accessible | I20: Check that access to ONLY the information that consent was requested for is granted and that only all requested accounts are visible, for each of the scopes supported by AS-PSP | J20: ='AIS ReadingGuide'!B9 -> Insert scope of account information consent type 1 | K20: ConEst_15
J21: ='AIS ReadingGuide'!B10 -> Insert scope of account information consent type 2 | K21: ConEst_16
J22: ='AIS ReadingGuide'!B11 -> Insert scope of account information consent type 3 | K22: ConEst_17
J23: ='AIS ReadingGuide'!B12 -> Insert scope of account information consent type 4 | K23: ConEst_18
J24: ='AIS ReadingGuide'!B13 -> Insert scope of account information consent type 5 | K24: ConEst_19
J25: ='AIS ReadingGuide'!B14 -> Insert scope of account information consent type 6 | K25: ConEst_20
J26: ='AIS ReadingGuide'!B15 -> Insert scope of account information consent type 7 | K26: ConEst_21
J27: ='AIS ReadingGuide'!B16 -> Insert scope of account information consent type 8 | K27: ConEst_22
J28: ='AIS ReadingGuide'!B17 -> Insert scope of account information consent type 9 | K28: ConEst_23
J29: ='AIS ReadingGuide'!B18 -> Insert scope of account information consent type 10 | K29: ConEst_24

Sheet 2.2 ConStatReq
A1: 2.2.1 | B1: Get Consent Status Request
B2: this service is used to retrieve the status of the consent.
F3: # | G3: Processing event | H3: Outcome(s) | I3: High-level description of generic scenario(s) | J3: Description of specific scenario(s) | K3: Result testing scenario | L3: Scenario successfully tested | M3: Planned completion date | N3: Documentation reference | O3: Examples detailed scenario(s)
G4: Order of events of the process flow | H4: Overview of possible outcome(s) of the event | I4: Generic scenario(s) that can occur with outcome(s) | J4: Detailed scenarios that apply to [AS-PSP]. Note: some detailed scenarios need to be filled in by AS-PSP in reading guide | K4: Report on testresult for scenario (yes / no / n/a) | L4: If applicable, opportunity for standardised reporting regarding successful conformance testing | M4: If applicable, add planned date ('XX-XX-XXX') for when scenario is expected to be successfully tested | N4: If applicable, reference to relevant testing documentation can be inserted here | O4: List is not exhaustive and merely serves as an example, see reading guide for instructions | Q4: Scenario successfully tested
F5: 1 | G5: Start | H5: Get consent status request delivered | K5: ConStatReq_1_1 | Q5: Yes
F6: 2 | G6: Validate Request | H6: NOK | I6: Decline if no consent has been created by AS-PSP with consent-ID in the path of the request | J6: Response code 403 (CONSENT_UNKNOWN) | K6: ConStatReq_1_2 | Q6: No
H7: OK | I7: - If valid request is delivered, status of consent should be successfully retrieved for each scope of account information consent type supported by AS-PSP. | J7: ='AIS ReadingGuide'!B9 -> Insert scope of account information consent type 1 | K7: ConStatReq_1_3
J8: ='AIS ReadingGuide'!B10 -> Insert scope of account information consent type 2 | K8: ConStatReq_1_4
J9: ='AIS ReadingGuide'!B11 -> Insert scope of account information consent type 3 | K9: ConStatReq_1_5
J10: ='AIS ReadingGuide'!B12 -> Insert scope of account information consent type 4 | K10: ConStatReq_1_6
J11: ='AIS ReadingGuide'!B13 -> Insert scope of account information consent type 5 | K11: ConStatReq_1_7
J12: ='AIS ReadingGuide'!B14 -> Insert scope of account information consent type 6 | K12: ConStatReq_1_8
J13: ='AIS ReadingGuide'!B15 -> Insert scope of account information consent type 7 | K13: ConStatReq_1_9
J14: ='AIS ReadingGuide'!B16 -> Insert scope of account information consent type 8 | K14: ConStatReq_1_10
J15: ='AIS ReadingGuide'!B17 -> Insert scope of account information consent type 9 | K15: ConStatReq_1_11
J16: ='AIS ReadingGuide'!B18 -> Insert scope of account information consent type 10 | K16: ConStatReq_1_12
F17: 3 | G17: Determine consent status | H17: Consent status determined | I17: Check that consentStatus attribute response has the correct value | J17: - "received": if the Consent Request has been validated syntactically and semantically, but SCA has not yet been finished | K17: ConStatReq_1_13
J18: - "rejected": if the Consent Request has been rejected | K18: ConStatReq_1_14
J19: - "valid": if the Consent Request has been validated syntactically and semantically, SCA has been finished and the consent has not yet been terminated or expired | K19: ConStatReq_1_15
J20: - "revokedByPsu": if the consent has originally been established but (through a communication outside of the XS2A interface) been revoked by the PSU | K20: ConStatReq_1_16
J21: - "expired": if the consent has originally been established but the validity date of the consent has been exceeded, OR if the consent has originally been established for a single AIS request and the corresponding AIS has already been executed | K21: ConStatReq_1_17
J22: - "terminatedByTpp": if the consent has been explicitly deleted by the TPP using the "DELETE" endpoint OR if a recurring consent has been implicitly deleted by the TPP through the establishment of a new recurring consent for the same combination of TPP and PSU/Corporate PSU | K22: ConStatReq_1_18
J23: - "partiallyAuthorised": if the Consent Request has been validated syntactically and semantically and SCA has been successfully finished for one PSU but not for a sufficient number of PSUs | K23: ConStatReq_1_19
A25: 2.2.2 | B25: Get Consent Request
B26: This service request is used to retrieve the content of the consent
F27: # | G27: Processing event | H27: Outcome(s) | I27: High-level description of generic scenario(s) | J27: Description of specific scenario(s) | K27: Scenario number | L27: Result testing scenario | M27: Planned completion date | N27: Documentation reference | O27: Examples detailed scenario(s)
G28: Order of events of the process flow | H28: Overview of possible outcome(s) of the event | I28: Generic scenario(s) that can occur with outcome(s) | J28: Detailed scenarios that apply to [AS-PSP]. Note: some detailed scenarios need to be filled in by AS-PSP in reading guide | K28: Unique scenario reference | L28: Report on testresult for scenario (yes / no / n/a) | M28: If applicable, add planned date ('XX-XX-XXX') for when scenario is expected to be successfully tested | N28: If applicable, reference to relevant testing documentation can be inserted here | O28: List is not exhaustive and merely serves as an example, see reading guide for instructions
F29: 1 | G29: Validate request | H29: NOK | I29: Decline if no consent has been created by AS-PSP with the Consent-ID in the path of the request | J29: Response Code 403 (CONSENT_UNKNOWN) | K29: ConStatReq_2_1
H30: OK | I30: For each scope of account information consent type supported by AS-PSP, status for transaction should be successfully retrieved | J30: ='AIS ReadingGuide'!B9 -> Insert scope of account information consent type 1 | K30: ConStatReq_2_2 | O30: i.e. Response Code 200 is returned and HTTP Body with the correct JSON structure is included in the response
J31: ='AIS ReadingGuide'!B10 -> Insert scope of account information consent type 2 | K31: ConStatReq_2_3
J32: ='AIS ReadingGuide'!B11 -> Insert scope of account information consent type 3 | K32: ConStatReq_2_4
J33: ='AIS ReadingGuide'!B12 -> Insert scope of account information consent type 4 | K33: ConStatReq_2_5
J34: ='AIS ReadingGuide'!B13 -> Insert scope of account information consent type 5 | K34: ConStatReq_2_6
J35: ='AIS ReadingGuide'!B14 -> Insert scope of account information consent type 6 | K35: ConStatReq_2_7
J36: ='AIS ReadingGuide'!B15 -> Insert scope of account information consent type 7 | K36: ConStatReq_2_8
J37: ='AIS ReadingGuide'!B16 -> Insert scope of account information consent type 8 | K37: ConStatReq_2_9
J38: ='AIS ReadingGuide'!B17 -> Insert scope of account information consent type 9 | K38: ConStatReq_2_10
J39: ='AIS ReadingGuide'!B18 -> Insert scope of account information consent type 10 | K39: ConStatReq_2_11
F40: 2 | G40: Fetch consent object | H40: Consent object included | I40: - Check that the consent object received in the response body contains the exact same Account Access object as the original "consents" request | J40: - If the original "consents" request did not ask for only Access rights (where the account list has to be agreed upon between AS-PSP and PSU) | K40: ConStatReq_2_12
J41: - If the original "consents" request did ask for only Access rights and the account list has not yet been agreed upon between AS-PSP and PSU (i.e. SCA has not yet been performed) | K41: ConStatReq_2_13 | O41: Only if AS-PSP supports consent requirements for "only access rights in request" - where accounts are handled between PSU and AS-PSP afterwards
I42: - Check that the consent object received in the response body contains an Account Access object representing the account list that has been agreed upon between AS-PSP and PSU during SCA | J42: If the original "consents" request did ask for only Access rights and the account list has already been agreed upon between AS-PSP and PSU (i.e. SCA has been performed) | K42: ConStatReq_2_14
I43: - Check that the consent object received in the response body contains an Element with the same value as in the corresponding "consents" request | J43: - The element "recurringIndicator" | K43: ConStatReq_2_15
J44: - The element "validUntil" the maximum validity of this consent, which is either the date from the corresponding "consents" request (if the original request had "validUntil" not set to "9999-12-31") or the maximum validity supported by the AS-PSP at all (if the original request had "validUntil" set to "9999-12-31") | K44: ConStatReq_2_16
J45: - The element "frequencyPerDay" | K45: ConStatReq_2_17

Sheet 2.3 DelCon
A1: 2.3 | B1: Delete Consent Request
B2: Process flow during deletion of consent request
F3: # | G3: Processing event | H3: Outcome(s) | I3: High-level description of generic scenario(s) | J3: Description of specific scenario(s) | K3: Scenario number | L3: Result testing scenario | M3: Planned completion date | N3: Documentation reference | O3: Examples detailed scenario(s)
G4: Order of events of the process flow | H4: Overview of possible outcome(s) of the event | I4: Generic scenario(s) that can occur with outcome(s) | J4: Detailed scenarios that apply to [AS-PSP]. Note: some detailed scenarios need to be filled in by AS-PSP in reading guide | K4: Unique scenario reference | L4: Report on testresult for scenario (yes / no / n/a) | M4: If applicable, add planned date ('XX-XX-XXX') for when scenario is expected to be successfully tested | N4: If applicable, reference to relevant testing documentation can be inserted here | O4: List is not exhaustive and merely serves as an example, see reading guide for instructions
F5: 1 | G5: Start | H5: Delete consent request delivered | K5: DelCon_1
F6: 2 | G6: Validate request | H6: NOK | I6: Check that AS-PSP deletes consent request if no consent has been created by AS-PSP with consent-id in path of the request | J6: - Code 403 (CONSENT_UNKNOWN) | K6: DelCon_2
H7: OK | I7: Given that a valid request is delivered it has to be checked that the status of a consent can be successfully deleted | J7: ='AIS ReadingGuide'!B9 -> Insert scope of account information consent type 1 | K7: DelCon_3
J8: ='AIS ReadingGuide'!B10 -> Insert scope of account information consent type 2 | K8: DelCon_4
J9: ='AIS ReadingGuide'!B11 -> Insert scope of account information consent type 3 | K9: DelCon_5
J10: ='AIS ReadingGuide'!B12 -> Insert scope of account information consent type 4 | K10: DelCon_6
J11: ='AIS ReadingGuide'!B13 -> Insert scope of account information consent type 5 | K11: DelCon_7
J12: ='AIS ReadingGuide'!B14 -> Insert scope of account information consent type 6 | K12: DelCon_8
J13: ='AIS ReadingGuide'!B15 -> Insert scope of account information consent type 7 | K13: DelCon_9
J14: ='AIS ReadingGuide'!B16 -> Insert scope of account information consent type 8 | K14: DelCon_10
J15: ='AIS ReadingGuide'!B17 -> Insert scope of account information consent type 9 | K15: DelCon_11
J16: ='AIS ReadingGuide'!B18 -> Insert scope of account information consent type 10 | K16: DelCon_12 | O16: Check for "received" and "valid" - the two statuses that consent can be before deletion
F17: 3 | G17: Delete consent | K17: DelCon_13

Sheet 2.4 AccDat
A1: 2.4.1 | B1: Account data reading request
B2: An Account Data Reading Request can be sent to several endpoints, depending on what type of information is requested
B3: Endpoints can be (based on Berlin Group and NISP documentation). This overview is indicative, please note that endpoints can differ for individual AS-PSP's dedicated interface implementation - Request for account list (with or without balances) - Request for details of one specific account (with or without balances) - Request for balances of one specific account (only with balances) - Request for list of transactions (with or without balances) - Request for details of one specific transaction (with or without balances)
F4: # | G4: Processing event | H4: Outcome(s) | I4: High-level description of generic scenario(s) | J4: Description of specific scenario(s) | K4: Scenario number | L4: Result testing scenario | M4: Planned completion date | N4: Documentation reference
G5: Order of events of the process flow | H5: Overview of possible outcome(s) of the event | I5: Generic scenario(s) that can occur with outcome(s) | J5: Detailed scenarios that apply to [AS-PSP]. Note: some detailed scenarios need to be filled in by AS-PSP in reading guide | K5: Unique scenario reference | L5: Report on testresult for scenario (yes / no / n/a) | M5: If applicable, add planned date ('XX-XX-XXX') for when scenario is expected to be successfully tested | N5: If applicable, reference to relevant testing documentation can be inserted here
F6: 1 | G6: Start | H6: Receive read account date request | I6: Check if endpoints are supported by AS-PSP and provide correct response | J6: - Response code 200 if AS-PSP receives correct request for the following: 1) GETaccounts 2) GETaccounts/{accounts-id} 3) GETaccounts/{accounts-id}/balances 4) GETaccounts/{accounts-id}/transactions | K6: AccDat_1_1
J7: - Response code 200 if AS-PSP receives correct request for AND supports of the following: 1) accounts?withBalance 2) accounts/{account-id}?withBalance 3) accounts/{account-id}/transactions?withBalance | K7: AccDat_1_2
J8: - Response code 400 (PARAMETER_NOT_SUPPORTED) if these requests are not supported | K8: AccDat_1_3
J9: - Response code 200 if AS-PSP receives correct request for AND supports: -accounts/{account-id}/transactions/{resourceId} | K9: AccDat_1_4
J10: - Response code 405 (SERVICE_INVALID) if this request is not supported | K10: AccDat_1_5
F11: 2 | G11: Validate request | H11: NOK | I11: Provide correct response code if a request is not validated | J11: - Response code 400 (CONSENT_UNKNOWN): if request contains a Consent-ID that has not been established for the requesting TPP, OR if a consent with the specified Consent-Id has been established for a different TPP | K11: AccDat_1_6
J12: - Response code 401 (CONSENT_INVALID): if a request contains a Consent-ID for a consent that does not cover the requested information, for all supported endpoints and if a different consent exists that would grant the requested information, OR if consent covers requested information but SCA has not been completed | K12: AccDat_1_7
J13: - Response code 401 (CONSENT_EXPIRED): if consent resource status is "expired" | K13: AccDat_1_8
J14: - Either response code 401 (CONSENT_INVALID or CONSENT_EXPIRED) or 400 (CONSENT_UNKNOWN) if status is "terminatedByTpp" or "revokedByPsu" | K14: AccDat_1_9
J15: - Response code 429 (ACCESS_EXCEEDED): if a request asks for information on a specific resource that has already been requested the maximum number of times on this day (frequencyPerDay) and does not indicate PSU initiation (PSU-IP-Address header is not included) | K15: AccDat_1_10
J16: - Response code 406 (REQUESTED_FORMATS_INVALID): if the AS-PSP cannot determine a format that both he and the TPP support for the requested transaction list | K16: AccDat_1_11
J17: - Response code 400 (SERVICE_INVALID): If an AS-PSP does not support PSU initiated account data reading requests that refer to a recurring consent | K17: AccDat_1_12
J18: - Response code 400 (FORMAT_ERROR): If an AS-PSP supports both optional Query Parameters "DeltaList" and "EntryReference" to a Read Transaction List Request that contains both Query Parameters | K18: AccDat_1_13
J19: It has to be checked that an ASPSP declines a Request for a transaction List, if the request refers to a recurring consent and (implicitly or explicitly) demands information on transactions that are older than 90 days | K19: New
J20: It has to be checked that an ASPSP declines/accepts a Request for a transaction List in line with permissions of request for account data reading, if the request involves a request for account information (i.e. transaction list) with PSU involvement that refers to a recurring consent | K20: New
H21: OK | I21: If an AS-PSP supports PSU initiated account data reading requests that refer to a recurring consent, validate request | J21: - AS-PSP can accept a request that includes the PSU-IP-Address and refers to a recurring consent, even if the AS-PSP has already requested the resource without PSU initiation the maximum number of times granted in the consent | K21: AccDat_1_14
J22: - Response code 200: if an AIS request containing a PSU-IP-Address header (and therefore indicating that the request was initiated by the PSU) that refers to a one-off consent is sent to the AS-PSP | K22: AccDat_1_15
F23: 3 | G23: Increment counter according to implementation | H23: Counter incremented | I23: Check for all account information requests supported by AS-PSP | J23: - If AS-PSP increments request counter when request does not signalise PSU initiation (by including PSU-IP-Address) | K23: AccDat_1_16
H24: Counter NOT incremented | I24: Check for all account information requests supported by AS-PSP | J24: - If AS-PSP does not increment request counter when request does not signalise PSU initiation | K24: AccDat_1_17
F25: 4 | G25: Provide account balances | H25: Approve and answer request | I25: AS-PSP should respond and response should contain all balances of all requested accounts | J25: - Response should be a formally correct message to a request for account balances and includes all types of bookings that are supported by AS-PSP | K25: AccDat_1_18
J26: - If account details of multicurrency accounts on aggregation or sub-account level are supported, check that response contains all balances of all sub-accounts of the multicurrency account | K26: AccDat_1_19
A28: 2.4.2 | B28: Request for an account list
B29: The specific process for an AS-PSP after receipt of a Request for an account list
F30: # | G30: Processing event | H30: Outcome(s) | I30: High-level description of generic scenario(s) | J30: Description of specific scenario(s) | K30: Scenario number | L30: Result testing scenario | M30: Planned completion date | N30: Documentation reference
G31: Order of events of the process flow | H31: Overview of possible outcome(s) of the event | I31: Generic scenario(s) that can occur with outcome(s) | J31: Detailed scenarios that apply to [AS-PSP]. Note: some detailed scenarios need to be filled in by AS-PSP in reading guide | K31: Unique scenario reference | L31: Report on testresult for scenario (yes / no / n/a) | M31: If applicable, add planned date ('XX-XX-XXX') for when scenario is expected to be successfully tested | N31: If applicable, reference to relevant testing documentation can be inserted here
F32: 1 | G32: Start: Provide accessible account list | H32: Not with balance | I32: Ensure that a request for an account list (if not declined) is responded to exactly with the list of accounts that are mentioned in the consent from the request | J32: Irrespective of what specific type of information consent was granted for one specific account, the account must be included in the response, while an account that has not been given consent to (within the referred consent) is not included | K32: AccDat_2_1
H33: With balance | I33: Ensure that a request for an account list is responded to exactly in the right way | J33: - with a message including the balances: If the request Parameter "withBalances" was set with an AS-PSP that supports "accounts?withBalance" | K33: AccDat_2_2
J34: - with a list of accounts that are mentioned in the consent from the request | K34: AccDat_2_3
F35: 2 | G35: Collect accessible account list (plain) | H35: At least one account accessible for balances | I35: Ensure that a request for an account list (if not declined) is responded to exactly in the right way | J35: - Including links to corresponding "balance" resources, if the consent also grants access to balances | K35: AccDat_2_4
F36: 3 | G36: Collect detailed information for applicable account(s) | I36: Ensure that a request for an account list is responded to exactly in the right way | J36: - If the consent also grants access to account details including: links to corresponding "account" resources | K36: AccDat_2_5
J37: - Without any sensitive information on account detail for each account that the consent does not explicitly grant access to detail information | K37: AccDat_2_6
J38: - If the consent also grants access to the account's transactions: responded to including links to corresponding "transaction" resources | K38: AccDat_2_7
J39: - If the consent does not grant access to this account's transactions: without any links to corresponding transactions | K39: AccDat_2_8
J40: - If AS-PSP supports multicurrency accounts: request for account list should include: 1. Links for account details of every sub-account only; 2. Links of account details of the aggregation level account only; and 3. Links for both aggregation and sub-level accounts | K40: AccDat_2_9
A42: 2.4.3 | B42: Request for account details
B43: The specific process for an AS-PSP after receipt of a Request for account details
F44: # | G44: Processing event | H44: Outcome(s) | I44: High-level description of generic scenario(s) | J44: Description of specific scenario(s) | K44: Scenario number | L44: Result testing scenario | M44: Planned completion date | N44: Documentation reference
G45: Order of events of the process flow | H45: Overview of possible outcome(s) of the event | I45: Generic scenario(s) that can occur with outcome(s) | J45: Detailed scenarios that apply to [AS-PSP]. Note: some detailed scenarios need to be filled in by AS-PSP in reading guide | K45: Unique scenario reference | L45: Report on testresult for scenario (yes / no / n/a) | M45: If applicable, add planned date ('XX-XX-XXX') for when scenario is expected to be successfully tested | N45: If applicable, reference to relevant testing documentation can be inserted here
F46: 1 | G46: Start: Account information | H46: With balance | I46: Check that request for account information is responded to with the correct message | J46: - Message including the balances, if parameter "withBalances" was set, if AS-PSP supports "accounts?withBalance" | K46: AccDat_3_1
H47: Not with balance | I47: Check that request for account information is responded to with the correct message | J47: - Message without the balances, if parameter "withBalances" was NOT set | K47: AccDat_3_2
F48: 2 | G48: Collect links for account balances | I48: Ensure that a request for an account details (if not declined) is responded to exactly in the right way | J48: - Including links to corresponding "balance" resources, if the consent also grants access to balances | K48: AccDat_3_3
F49: 3 | G49: Collect account details (plain) | H49: Account not accessible for balances | I49: Ensure that a request for an account details (if not declined) is responded to exactly in the right way | J49: - Without any sensitive information on account balances, if the consent does not explicitly grant access to balance information | K49: AccDat_3_4
J50: - If AS-PSP supports account details for multicurrency accounts on aggregation level (either only or additionally to sub-account level), request for account details for a multicurrency account on aggregation level contains value "XXX" in field currency | K50: AccDat_3_5
F51: 4 | G51: Collect links to transactions for applicable accounts | I51: Ensure that a request for an account details (if not declined) is responded to exactly in the right way | J51: - Including links to corresponding "transactions" resource (list), if the consent also grants access to this account's transactions | K51: AccDat_3_6
J52: - Without any links to corresponding "transaction" resources, if the consent does not grant access to this account's transactions | K52: AccDat_3_7
A57: 2.4.4 | B57: Request for transaction list
B58: The specific process for an AS-PSP after receipt of a Request for transaction list
F59: # | G59: Processing event | H59: Outcome(s) | I59: High-level description of generic scenario(s) | J59: Description of specific scenario(s) | K59: Scenario number | L59: Result testing scenario | M59: Planned completion date | N59: Documentation reference
G60: Order of events of the process flow | H60: Overview of possible outcome(s) of the event | I60: Generic scenario(s) that can occur with outcome(s) | J60: Detailed scenarios that apply to [AS-PSP]. Note: some detailed scenarios need to be filled in by AS-PSP in reading guide | K60: Unique scenario reference | L60: Report on testresult for scenario (yes / no / n/a) | M60: If applicable, add planned date ('XX-XX-XXX') for when scenario is expected to be successfully tested | N60: If applicable, reference to relevant testing documentation can be inserted here
G61: Main flow (figure 'transaction list request process flow')
F62: 1 | G62: Determine start date/ determine end date | H62: Start date determined | I62: Ensure that a request for a transaction list (if not declined) is responded to with a message including all transactions and the requested details | J62: - within date range: Only if the request does not contain the query parameters "entryReferenceFrom" or "deltaList": transactions should be from not before the "dateFrom" Parameter of the request and not after the "dateTo"Parameter (if included) Check also for "pending" transactions, for AS-PSPs supporting transaction lists of "pending" or "both" types of transactions | K62: AccDat_4_1
J63: - with a message containing all transactions after transaction identified by query parameter "entryReferenceForm" | K63: AccDat_4_2
J64: - with a message containing all transactions that have not yet been included in previous requests: | K64: AccDat_4_3
G65: Sub-flow: figure "Determine export format")
F66: 2 | G66: Start | H66: Request does not contain "accept header" | I66: Ensure that transaction list is supplied in the right format | J66: - The format is decided by AS-PSP, if TPP did not include "Accept"header in his request | K66: AccDat_4_4
H67: Request contains "accept header" | J67: - The format used is the first format of the "accept header" supported by the AS-PSP, if the request is: - only for booked transactions - does not refer to an Entry Reference - at least one format description is included in the "Accept" header of the TPP's request that is also supported by the AS-PSP is used | K67: AccDat_4_5
J68: - For each format the AS-PSP supports delivery of a transaction list: That if a TPP sends a request for a transaction list with an "Accept" header specifying this format the AS-PSP sends a positive response including transactions in the requested format | K68: AccDat_4_6
J69: - For each format the AS-PSP supports delivery of a transaction list, supports determining the sub-format (e.g. camt.05x for xml, MT94x for text) depending on the PSU: If a TPP sends a request for a transaction list for a PSU that a specific sub-format has been assigned to, the AS-PSP sends a positive response including transactions in the requested sub- format | K69: AccDat_4_7
F70: 3 | G70: Request contains "entryReference" parameter | H70: Yes | I70: Check that a transaction list is supplied in a format that supports EntryReferences, if the request included an EntryReference | J70: Only if the AS-PSP supports the Query Parameter "entryReferenceFrom" | K70: AccDat_4_8
F71: 4 | G71: Request (also) for pending transactions | H71: Yes | I71: Check that a transaction list is supplied in a format that supports pending transactions | J71: Only if the request demanded a list if "pending" or "both" kinds of transactions and AS-PSP and TPP support at least one common format that supports pending transactions. Also only if the AS-PSP supports the delivery of "pending" or "both" kinds of transactions | K71: AccDat_4_9
G72: Back to main flow (figure 'transaction list request process flow')
F73: 5 | G73: Determine relevant transaction status | H73: Transaction status determined | I73: Ensure that request for transaction list is set to correct status | J73: - a request for transaction list with Query Parameter "bookingStatus" set to "booked" is responded to including only transactions with status "booked" | K73: AccDat_4_10
J74: - a request for transaction list with Query Parameter "bookingStatus" set to "pending" is declined, if the AS-PSP does not support requests for pending transactions | K74: AccDat_4_11
F75: 6 | G75: Include export in response | H75: Approve and answer request | I75: Check that transaction list is included in response, if conditions are met | J75: If the conditions are met for the AS-PSP to deliver the transaction list directly in the Read Account Data Response | K75: AccDat_4_12
F76: 7 | G76: Include link to export in response | H76: Approve and answer request | I76: Check that link to resource, in stead of transaction list, is included in response | J76: If the conditions are met for the AS-PSP to deliver the transaction list as a separate resource with a link included in the Read Account Data Response | K76: AccDat_4_13
I77: Check that link to resource contains transactions of all sub-accounts of a multicurrency account | J77: If the AS-PSP supports account details for multicurrency accounts on aggregation level (either only or additionally to sub-account level) a request answer for a transaction list of a multicurrency account on aggregation level (using the link in the response to the ReadAccountDetails-Request) should contain the transactions of all sub-accounts of the multicurrency account | K77: AccDat_4_14
F78: 8 | G78: Provide account balances | H78: Approve and answer request | I78: Check that request answer contains transactions of only specifically requested sub-accounts of multicurrency accounts | J78: If the AS-PSP supports account details for multicurrency accounts on sub-account level a request answer for a transaction list of a multicurrency account on sub-account level (using the link in the response to the ReadAccountDetails-Request) should contain transactions of only for the specifically requested sub-account of the multicurrency account | K78: AccDat_4_15

Sheet 3. CAF>>>

Sheet CAF ReadingGuide
A3: Title | B3: Confirmation of Availability of Funds
A5: Description: | B5: Confirmation of Availability of Funds serves to confirm whether a certain size of funds is available at the account of the PSU and consists of the following process flow: 3.1 Confirmation of Funds Request CAF request can differ for single- and multi currency accounts. The account reference (i.e. ensuring the CAF request is done for the right account) can be done based on an IBAN, an IBAN and currency, an IBAN and cardnumber, and an IBAN and a cardnumber and a currency.

Sheet 3.1 ConFunReq
A1: 3.1 | B1: Confirmation of Funds Request
B2: This service request is used to check whether a certain amount of funds is available on a given account.
F3: # | G3: Processing event | H3: Outcome(s) | I3: High-level description of generic scenario(s) | J3: Description of specific scenario(s) | K3: Scenario number | L3: Result testing scenario | M3: Planned completion date | N3: Documentation reference
G4: Order of events of the process flow | H4: Overview of possible outcome(s) of the event | I4: Generic scenario(s) that can occur with outcome(s) | J4: Detailed scenarios that apply to [AS-PSP]. Note: some detailed scenarios need to be filled in by AS-PSP in reading guide | K4: Unique scenario reference | L4: Report on testresult for scenario (yes / no / n/a) | M4: If applicable, add planned date ('XX-XX-XXX') for when scenario is expected to be successfully tested | N4: If applicable, reference to relevant testing documentation can be inserted here
F5: 1 | G5: Start | H5: Confirmation of funds request delivered | I5: Given that a valid confirmation of funds request is delivered, check that correct response code is returned | J5: - Response code 400: for invalid IBAN | K5: ConFunReq_1
J6: - Response code 200: if availability of funds can be determined for a single currency account identified only by an IBAN | K6: ConFunReq_2
I7: Check that availability of funds can be determined for multicurrency account | J7: For both cases of the instructed amount being in EUR and not being in EUR | K7: ConFunReq_3
F8: 2 | G8: Validate request | H8: NOK | I8: Check if the PSU has not activated the addressed account for the usage of the PIIS associated with the TPP, and if that is the case give correct response code | J8: - Response code 400 (No PIIS activation) | K8: ConFunReq_4
H9: OK | I9: Determine availability of funds | K9: ConFunReq_5
F10: 3 | G10: Resolve account reference | H10: Account reference resolved | I10: Single currency account: - valid IBAN is contained in request | J10: - Response code 200 | K10: ConFunReq_6
I11: Single currency account: - valid IBAN is contained in request, and - currency of request matches account currency | J11: - Response code 200 | K11: ConFunReq_7
I12: Multi currency account: - valid IBAN is contained in request, and - currency of request matches (sub-)account currency | J12: - Response code 200 | K12: ConFunReq_8
I13: Multi currency account: - valid IBAN is contained in request, and - cardnumber matches account cardnumber | J13: - Response code 200 | K13: ConFunReq_9
I14: Multi currency account: - valid IBAN is contained in request, and - currency of request matches (sub-)account currency, and - cardnumber matches account cardnumber | J14: - Response code 200 | K14: ConFunReq_10
H15: Account reference not resolved | I15: Send error code | J15: - Response code 400 | K15: ConFunReq_11
F16: 4 | G16: Determine availability of funds | H16: Availability of funds determined | I16: Give correct fundsAvailable attribute after determination of availability of funds | J16: - "false" for instructed amount > funds available for addressed account | K16: ConFunReq_12
J17: - "true" for instructed amount <= funds available for addressed account | K17: ConFunReq_13

Sheet 4. SCA >>>

Sheet SCA ReadingGuide
A3: Title | B3: Strong Customer Authentication - Reading Guide
A5: Description: | B5: As AS-PSPs need to offer the same functionality as in their current PSU interface, and AS-PSPs differ in terms of functionality offered in their current PSU interface, the total scope of conformance testing differs per AS-PSP. Please fill in the different authentication factors per country (if applicable) that apply to the implementation of your dedicated interface. This includes, if applicable, both retail and corporate authentication factors (e.g. QR code for retail or authentication factors supporting 4 eye principle for corporates). These will be automatically filled in the correct testing processes as detailed scenarios and determine the scope of your conformance testing. SCA is split in three sections: redirect, embedded and decoupled. Embedded is out of scope in this version and will be added later. SCA redirect and SCA decoupled pertain to a PSU providing SCA in the AS-PSP's environment. SCA decoupled and SCA redirect are alike, but the difference between SCA redirect and SCA decoupled is that in SCA decoupled the two authentication factors are not provided in the same (technological) session. In order to be able to allow the PSU to use the 2nd, decoupled factor, it is necessary for an AS-PSP to either identify or authenticate the PSU. This is included in the SCA decoupled flow. In this reading guide, the AS-PSP has to fill in all the applicable authentication factors (per country) that it supports below. These will be filled in automatically in each of the SCA chapters. In the step 'redirect/decoupled/embedded is supported', the different scenarios to be tested (i.e. the correct links to be provided to the TPP) depend on the various combinations of parameters that can exist in an AS-PSP's implementation of a dedicated interface. The document caters for the occurence of more than one scenario. This section contains: 4.1 SCA Redirect 4.2 SCA Decoupled 4.3 SCA Embedded Note: the assumption is made that AS-PSPs only provide 1 interaction model. Therefore, we have not included the step 'Choose SCA approach' in the overview of SCA redirect, SCA decoupled and SCA embedded.
B8: To be filled in by AS-PSP
B9: Single SCA
A10: Authentication factors (including country specific) | B10: Insert authentication factors per country:
B11: Country1_SingleSCA_AutFactor1
B12: Country1_SingleSCA_AutFactor2
B13: Country1_SingleSCA_AutFactor3
B14: Country1_SingleSCA_AutFactor4
B15: Country2_SingleSCA_AutFactor1
B16: Country2_SingleSCA_AutFactor2
B17: Country2_SingleSCA_AutFactor3
B18: Country2_SingleSCA_AutFactor4
B19: Country3_SingleSCA_AutFactor1
B20: Country3_SingleSCA_AutFactor2
B21: Country3_SingleSCA_AutFactor3
B22: Country3_SingleSCA_AutFactor4
... B52: Multilevel SCA
A53: Authentication factors (including country specific) | B53: Insert authentication factors per country:
B54: Country1_MultilevelSCA_AutFactor1
B55: Country1_MultilevelSCA_AutFactor2
B56: Country1_MultilevelSCA_AutFactor3
B57: Country1_MultilevelSCA_AutFactor4
B58: Country2_MultilevelSCA_AutFactor1
B59: Country2_MultilevelSCA_AutFactor2
B60: Country2_MultilevelSCA_AutFactor3
B61: Country2_MultilevelSCA_AutFactor4
B62: Country3_MultilevelSCA_AutFactor1
B63: Country3_MultilevelSCA_AutFactor2
B64: Country3_MultilevelSCA_AutFactor3
B65: Country3_MultilevelSCA_AutFactor4
... B92: Country10_MultilevelSCA_AutFactor4

Sheet 4.1 StrCusAutRed
A1: 4.1 | B1: Perform SCA: Redirect
B2: Flow of Strong Customer Authentication (SCA) following the redirect model
F3: # | G3: Processing event | H3: Outcome(s) | I3: High-level description of generic scenario(s) | J3: Description of specific scenario(s) | K3: Scenario number | L3: Result testing scenario | M3: Planned completion date | N3: Documentation reference
G4: Order of events of the process flow | H4: Overview of possible outcome(s) of the event | I4: Generic scenario(s) that can occur with outcome(s) | J4: Detailed scenarios that apply to [AS-PSP]. Note: some detailed scenarios need to be filled in by AS-PSP in reading guide | K4: Unique scenario reference | L4: Report on testresult for scenario (yes / no / n/a) | M4: If applicable, add planned date ('XX-XX-XXX') for when scenario is expected to be successfully tested | N4: If applicable, reference to relevant testing documentation can be inserted here
F5: 1 | G5: Check if SCA is needed | H5: SCA Required | I5: SCA needs to be performed | J5: The SCA status should be received | K5: StrCusAutRed_1
H6: SCA Not required | I6: SCA is exempted and does not need to be performed: continue to step 5 | J6: SCA exemption if the following are true: - AS-PSP supports SCA exemption - current transaction qualifies for exemption - PSU has already been authenticated | K6: StrCusAutRed_2
F7: 2 | G7: Redirect SCA is supported | H7: Provide links for SCA Redirect | I7: The SCA Redirect approach is supported if any combination of the following parameters is present: - the AS-PSP supports the standard Redirect SCA Approach or the OAuth2 Variant of the Redirect SCA Approach - an authorisation sub-resource has not been created yet or it has already been created - an implicit start of transaction authorisation is possible and supported (i.e. the AS-PSP creates the authorisation sub-resource automatically), or an implicit start of transaction authorisation is possible but not supported, or an explicit start of transaction authorisation is needed | K7: StrCusAutRed_3
K8: StrCusAutRed_4
K9: StrCusAutRed_5
K10: StrCusAutRed_6
K11: StrCusAutRed_7
K12: StrCusAutRed_8
K13: StrCusAutRed_9
K14: StrCusAutRed_10
K15: StrCusAutRed_11
K16: StrCusAutRed_12
F17: 3 | G17: SCA redirect request is validated | H17: NOK | I17: Correct response code should be returned per request (e.g. response code 400, 401, 404, 500, 503) | K17: StrCusAutRed_13
H18: OK | K18: StrCusAutRed_14
F19: 4 | G19: PSU performs SCA | H19: PSU authorises transaction being able to use all applicable authentication procedures | I19: - Single SCA (often Private PSU, but can be Corporate PSU) | J19: ='SCA ReadingGuide'!B11 -> Country1_SingleSCA_AutFactor1 | K19: StrCusAutRed_15
J20: ='SCA ReadingGuide'!B12 -> Country1_SingleSCA_AutFactor2 | K20: StrCusAutRed_16
J21: ='SCA ReadingGuide'!B13 -> Country1_SingleSCA_AutFactor3 | K21: StrCusAutRed_17
J22: ='SCA ReadingGuide'!B14 -> Country1_SingleSCA_AutFactor4 | K22: StrCusAutRed_18
J23: ='SCA ReadingGuide'!B15 -> Country2_SingleSCA_AutFactor1 | K23: StrCusAutRed_19
J24: ='SCA ReadingGuide'!B16 -> Country2_SingleSCA_AutFactor2 | K24: StrCusAutRed_20
J25: ='SCA ReadingGuide'!B17 -> Country2_SingleSCA_AutFactor3 | K25: StrCusAutRed_21
J26: ='SCA ReadingGuide'!B18 -> Country2_SingleSCA_AutFactor4 | K26: StrCusAutRed_22
J27: ='SCA ReadingGuide'!B19 -> Country3_SingleSCA_AutFactor1 | K27: StrCusAutRed_23
J28: ='SCA ReadingGuide'!B20 -> Country3_SingleSCA_AutFactor2 | K28: StrCusAutRed_24
J29: ='SCA ReadingGuide'!B21 -> Country3_SingleSCA_AutFactor3 | K29: StrCusAutRed_25
J30: ='SCA ReadingGuide'!B22 -> Country3_SingleSCA_AutFactor4 | K30: StrCusAutRed_26
J31: ='SCA ReadingGuide'!B23 -> Country4_SingleSCA_AutFactor1 | K31: StrCusAutRed_27
... J58: ='SCA ReadingGuide'!B50 -> Country10_SingleSCA_AutFactor4 | K58: StrCusAutRed_54
I59: - Multilevel SCA (often Corporate PSU, e.g. 4 eye principle) | J59: ='SCA ReadingGuide'!B54 -> Country1_MultilevelSCA_AutFactor1 | K59: StrCusAutRed_55
J60: ='SCA ReadingGuide'!B55 -> Country1_MultilevelSCA_AutFactor2 | K60: StrCusAutRed_56
J61: ='SCA ReadingGuide'!B56 -> Country1_MultilevelSCA_AutFactor3 | K61: StrCusAutRed_57
J62: ='SCA ReadingGuide'!B57 -> Country1_MultilevelSCA_AutFactor4 | K62: StrCusAutRed_58
J63: ='SCA ReadingGuide'!B58 -> Country2_MultilevelSCA_AutFactor1 | K63: StrCusAutRed_59
J64: ='SCA ReadingGuide'!B59 -> Country2_MultilevelSCA_AutFactor2 | K64: StrCusAutRed_60
J65: ='SCA ReadingGuide'!B60 -> Country2_MultilevelSCA_AutFactor3 | K65: StrCusAutRed_61
J66: ='SCA ReadingGuide'!B61 -> Country2_MultilevelSCA_AutFactor4 | K66: StrCusAutRed_62
J67: ='SCA ReadingGuide'!B62 -> Country3_MultilevelSCA_AutFactor1 | K67: StrCusAutRed_63
J68: ='SCA ReadingGuide'!B63 -> Country3_MultilevelSCA_AutFactor2 | K68: StrCusAutRed_64
J69: ='SCA ReadingGuide'!B64 -> Country3_MultilevelSCA_AutFactor3 | K69: StrCusAutRed_65
J70: ='SCA ReadingGuide'!B65 -> Country3_MultilevelSCA_AutFactor4 | K70: StrCusAutRed_66
J71: ='SCA ReadingGuide'!B66 -> Country4_MultilevelSCA_AutFactor1 | K71: StrCusAutRed_67
... J97: ='SCA ReadingGuide'!B92 -> Country10_MultilevelSCA_AutFactor4 | K97: StrCusAutRed_93
F98: 5 | G98: Get SCA status | H98: SCA not validated and status is declined | I98: SCA status is retrieved for PIS/AIS/CAF transaction: SCA unsuccessful, correct response code should be returned | K98: StrCusAutRed_94
H99: SCA request is validated and status is retrieved | I99: SCA status is retrieved for PIS/AIS/CAF transaction: SCA successful | J99: For PIS/AIS/CAF: SCA status should be finalised | K99: StrCusAutRed_95

Sheet 4.2 StrCusAutDec
A1: 4.2 | B1: Perform SCA: Decoupled
B2: Flow of Strong Customer Authentication (SCA) following the decoupled model
F3: # | G3: Processing event | H3: Outcome(s) | I3: High-level description of generic scenario(s) | J3: Description of specific scenario(s) | K3: Scenario number | L3: Result testing scenario | M3: Planned completion date | N3: Documentation reference
G4: Order of events of the process flow | H4: Overview of possible outcome(s) of the event | I4: Generic scenario(s) that can occur with outcome(s) | J4: Detailed scenarios that apply to [AS-PSP]. Note: some detailed scenarios need to be filled in by AS-PSP in reading guide | K4: Unique scenario reference | L4: Report on testresult for scenario (yes / no / n/a) | M4: If applicable, add planned date ('XX-XX-XXX') for when scenario is expected to be successfully tested | N4: If applicable, reference to relevant testing documentation can be inserted here
F5: 1 | G5: Check if SCA is needed | H5: SCA Required | I5: SCA needs to be performed | J5: The SCA status should be received | K5: StrCusAutDec_1
H6: SCA Not required | I6: SCA is exempted and does not need to be performed: continue to Step 8 | J6: SCA exemption if the following are true: - AS-PSP supports SCA exemption - current transaction qualifies for exemption - PSU has already been authenticated | K6: StrCusAutDec_2
F7: 3 | G7: Prepare Decoupled SCA | H7: Check if PSU is authenticated | I7: PSU Authenticated: continue with Decoupled SCA (Step 5) | J7: Send PSU message (e.g. "Please use your xx App to authorise transaction" | K7: StrCusAutDec_3
I8: PSU Not authenticated: evaluate authentication requirements (Step 4) | K8: StrCusAutDec_4
F9: 4 | G9: Evaluate authentication requirements | H9: Evaluate whether only identification is required, or authentication is required before decoupled SCA method can be used for SCA by PSU | I9: Evaluate PSU Identification (if only identification is required) | J9: in case PSU is identified: -evaluate SCA methods and continue with SCA (if 1 SCA method: choose that one; if 2 SCA methods can be used by PSU: provide options to PSU | K9: StrCusAutDec_5
J10: in case PSU is not identified: in order to continue with request: -start authorisation process | K10: StrCusAutDec_6
J11: OR 'in case PSU is not identified: in order to continue with request: -update PSU identification | K11: StrCusAutDec_7
J12: OR 'in case PSU is not identified: in order to continue with request: -start authorisation with PSU identification | K12: StrCusAutDec_8
J13: OR: 'in case PSU is not identified: in order to continue with request: -update PSU identification | K13: StrCusAutDec_9
I14: Evaluate PSU authentication | J14: - in case PSU is authenticated: evaluate SCA methods and continue with SCA (if 1 SCA method: choose that one; if 2 SCA methods can be used by PSU: provide options to PSU | K14: StrCusAutDec_10
J15: - PSU not authenticated: select PSU endpoint | K15: StrCusAutDec_11
F16: 5 | G16: Decoupled SCA is supported | H16: Provide links for SCA Decoupled | I16: Decoupled SCA is supported and the correct link for the Decoupled approach is sent if any combination of the following parameters is present: - (PSU) Identification is sufficient to start SCA Decoupled and the PSU has been identified, or the PSU has been identified with an access token, or the PSU has been authenticated with a consent ID from a preceding AIS service in the same session - There is exactly one SCA method available for the PSU - an authorisation sub-resource has not been created yet, or an authorisation sub-resource has not been created yet and missing authorisation data has to be delivered after an authorisation subresource has been created - the AS-PSP demands PSU Authentication data to be encrypted at application level, or the AS-PSP does not demand PSU Authentication data to be encrypted at application level - missing authorisation data may be delivered at the same time as an authorisation sub-resource is created - an implicit start of transaction authorisation is possible but not supported, or an explicit start of transaction authorisation is needed | K16: StrCusAutDec_12
K17: StrCusAutDec_13
K18: StrCusAutDec_14
K19: StrCusAutDec_15
K20: StrCusAutDec_16
K21: StrCusAutDec_17
K22: StrCusAutDec_18
K23: StrCusAutDec_19
K24: StrCusAutDec_20
K25: StrCusAutDec_21
F26: 6 | G26: SCA request is validated | H26: NOK | I26: Correct response code should be returned per request (e.g. response code 400, 401, 404, 500, 503) | K26: StrCusAutDec_22
H27: OK | K27: StrCusAutDec_23
F28: 7 | G28: PSU performs SCA | H28: PSU authorises transaction being able to use all applicable authentication procedures | I28: - Single SCA (often Private PSU, but can be Corporate PSU) | J28: ='SCA ReadingGuide'!B11 -> Country1_SingleSCA_AutFactor1 | K28: StrCusAutDec_24
J29: ='SCA ReadingGuide'!B12 -> Country1_SingleSCA_AutFactor2 | K29: StrCusAutDec_25
J30: ='SCA ReadingGuide'!B13 -> Country1_SingleSCA_AutFactor3 | K30: StrCusAutDec_26
J31: ='SCA ReadingGuide'!B14 -> Country1_SingleSCA_AutFactor4 | K31: StrCusAutDec_27
J32: ='SCA ReadingGuide'!B15 -> Country2_SingleSCA_AutFactor1 | K32: StrCusAutDec_28
J33: ='SCA ReadingGuide'!B16 -> Country2_SingleSCA_AutFactor2 | K33: StrCusAutDec_29
J34: ='SCA ReadingGuide'!B17 -> Country2_SingleSCA_AutFactor3 | K34: StrCusAutDec_30
J35: ='SCA ReadingGuide'!B18 -> Country2_SingleSCA_AutFactor4 | K35: StrCusAutDec_31
J36: ='SCA ReadingGuide'!B19 -> Country3_SingleSCA_AutFactor1 | K36: StrCusAutDec_32
J37: ='SCA ReadingGuide'!B20 -> Country3_SingleSCA_AutFactor2 | K37: StrCusAutDec_33
J38: ='SCA ReadingGuide'!B21 -> Country3_SingleSCA_AutFactor3 | K38: StrCusAutDec_34
J39: ='SCA ReadingGuide'!B22 -> Country3_SingleSCA_AutFactor4 | K39: StrCusAutDec_35
J40: ='SCA ReadingGuide'!B23 -> Country4_SingleSCA_AutFactor1 | K40: StrCusAutDec_36
... J67: ='SCA ReadingGuide'!B50 -> Country10_SingleSCA_AutFactor4 | K67: StrCusAutDec_63
I68: - Multilevel SCA (often Corporate PSU, e.g. 4 eye principle) | J68: ='SCA ReadingGuide'!B54 -> Country1_MultilevelSCA_AutFactor1 | K68: StrCusAutDec_64
J69: ='SCA ReadingGuide'!B55 -> Country1_MultilevelSCA_AutFactor2 | K69: StrCusAutDec_65
J70: ='SCA ReadingGuide'!B56 -> Country1_MultilevelSCA_AutFactor3 | K70: StrCusAutDec_66
J71: ='SCA ReadingGuide'!B57 -> Country1_MultilevelSCA_AutFactor4 | K71: StrCusAutDec_67
J72: ='SCA ReadingGuide'!B58 -> Country2_MultilevelSCA_AutFactor1 | K72: StrCusAutDec_68
J73: ='SCA ReadingGuide'!B59 -> Country2_MultilevelSCA_AutFactor2 | K73: StrCusAutDec_69
J74: ='SCA ReadingGuide'!B60 -> Country2_MultilevelSCA_AutFactor3 | K74: StrCusAutDec_70
J75: ='SCA ReadingGuide'!B61 -> Country2_MultilevelSCA_AutFactor4 | K75: StrCusAutDec_71
J76: ='SCA ReadingGuide'!B62 -> Country3_MultilevelSCA_AutFactor1 | K76: StrCusAutDec_72
J77: ='SCA ReadingGuide'!B63 -> Country3_MultilevelSCA_AutFactor2 | K77: StrCusAutDec_73
J78: ='SCA ReadingGuide'!B64 -> Country3_MultilevelSCA_AutFactor3 | K78: StrCusAutDec_74
J79: ='SCA ReadingGuide'!B65 -> Country3_MultilevelSCA_AutFactor4 | K79: StrCusAutDec_75
J80: ='SCA ReadingGuide'!B66 -> Country4_MultilevelSCA_AutFactor1 | K80: StrCusAutDec_76
... J106: ='SCA ReadingGuide'!B92 -> Country10_MultilevelSCA_AutFactor4 | K106: StrCusAutDec_102
F107: 8 | G107: Get SCA status | H107: SCA not validated and status is declined | I107: SCA status is retrieved for PIS/AIS/CAF transaction: SCA unsuccessful, correct response code should be returned | K107: StrCusAutDec_103
H108: SCA request is validated and status is retrieved | I108: SCA status is retrieved for PIS/AIS/CAF transaction: SCA successful | J108: For PIS/AIS/CAF: SCA status should be finalised | K108: StrCusAutDec_104

Sheet 4.3 StrCusAutEmb
A1: 4.3 | B1: Perform SCA: Embedded
B2: Flow of Strong Customer Authentication (SCA) following the embedded model
F3: # | G3: Processing event | H3: Outcome(s) | I3: High-level description of generic scenario(s) | J3: Description of specific scenario(s) | K3: Scenario number | L3: Result testing scenario | M3: Planned completion date | N3: Documentation reference
G4: Order of events of the process flow | H4: Overview of possible outcome(s) of the event | I4: Generic scenario(s) that can occur with outcome(s) | J4: Detailed scenarios that apply to [AS-PSP]. Note: some detailed scenarios need to be filled in by AS-PSP in reading guide | K4: Unique scenario reference | L4: Report on testresult for scenario (yes / no / n/a) | M4: If applicable, add planned date ('XX-XX-XXX') for when scenario is expected to be successfully tested | N4: If applicable, reference to relevant testing documentation can be inserted here
F5: 1 | G5: Check if SCA is needed | H5: SCA Required | I5: SCA needs to be performed | J5: The SCA status should be received | K5: StrCusAutEmb_1
H6: SCA Not required | I6: SCA is exempted and does not need to be performed: continue to Step 8 | J6: SCA exemption if the following are true: - AS-PSP supports SCA exemption - current transaction qualifies for exemption - PSU has already been authenticated | K6: StrCusAutEmb_2
F7: 2 | G7: Provide SCA method(s) | H7: SCA method(s) included | I7: Check that the SCA methods available for the PSU are provided if any combination of the following parameters is true: - the Embedded SCA Approach has been selected - the PSU has been authenticated with an access token, OR a consent ID from a preceding AIS service in the same session, OR via the Start Authorisation Process service OR via the Update PSU Authentication service - the PSU has a choice between different SCA methods - an authorisation sub-resource has already been created, OR an authorisation sub-resource has not been created yet and missing authorisation data may be delivered at the same time as an authorisation sub-resource is created | K7: StrCusAutEmb_3
H8: SCA method(s) not yet included | I8: Check that the SCA methods available for the PSU are not provided if any combination of the following parameters is true: - the Embedded SCA Approach has been selected - the PSU has been authenticated with an access token, OR a consent ID from a preceding AIS service in the same session - the PSU has a choice between different SCA methods - an authorisation sub-resource has not been created yet and missing authorisation data has to be delivered after an authorisation sub-resource has been created | K8: StrCusAutEmb_4
F9: 3 | G9: Choose SCA method | H9: Method chosen | I9: SCA method to be applied should be selected if any combination of the following parameters is true: - the Embedded SCA Approach has been selected - the PSU has been authenticated with an access token, OR a consent ID from a preceding AIS service in the same session, OR via the Start Authorisation Process service OR via the Update PSU Authentication service - SCA method to be applied has been selected implicitly (there is exactly one SCA method available for the PSU), OR SCA method to be applied has been selected explicitly - an authorisation sub-resource has already been created, OR an authorisation sub-resource has not been created yet and missing authorisation data may be delivered at the same time as an authorisation sub-resource is created | K9: StrCusAutEmb_5
H10: SCA method(s) not yet included | I10: Check that the SCA method to be applied is not yet included in the service response if any combination of the following parameters is true: - the Embedded SCA Approach has been selected - the PSU has been authenticated with an access token, OR a consent ID from a preceding AIS service in the same session - SCA method to be applied has been selected implicitly (there is exactly one SCA method available for the PSU) - an authorisation sub-resource has not been created yet and missing authorisation data has to be delivered after an authorisation sub-resource has been created | K10: StrCusAutEmb_6
F11: 4 | G11: Check challenge requirements | H11: Challenge requirements checked | I11: Check that challenge data is returned if both of the following parameters are true: - SCA method is chosen implicitly - SCA method requires challenge data | K11: StrCusAutEmb_7
I12: Check that challenge data is not returned if both of the following parameters are true: - SCA method is chosen implicitly - SCA method does not require challenge data | K12: StrCusAutEmb_8
F13: 5 | G13: Embedded SCA is supported | H13: Provide links for SCA embedded | I13: Embedded SCA is supported and the correct link for the Embedded approach is sent for any combination of the following parameters: - the PSU has not been authenticated, OR the PSU has been authenticated with an access token - there is exactly one SCA method available for the PSU, OR the PSU has a choice between different SCA methods, OR the SCA methods available for the PSU are provided, OR the SCA method to be applied is chosen implicitly, OR the SCA methods available for the PSU are not yet provided because an authorisation sub-resource has to be created first - an authorisation sub-resource has already been created, OR an authorisation sub-resource has not been created yet and missing authorisation data may be delivered at the same time as an authorisation sub-resource is created - the AS-PSP does not demand PSU Authentication data to be encrypted at application level, OR the AS-PSP demands PSU Authentication data to be encrypted at application level | K13: StrCusAutEmb_9
K14: StrCusAutEmb_10
K15: StrCusAutEmb_11
K16: StrCusAutEmb_12
K17: StrCusAutEmb_13
K18: StrCusAutEmb_14
K19: StrCusAutEmb_15
K20: StrCusAutEmb_16
K21: StrCusAutEmb_17
K22: StrCusAutEmb_18
F23: 6 | G23: Validate SCA request | H23: NOK | I23: Correct response code should be returned per request (e.g. response code 400, 401, 404, 500, 503) | K23: StrCusAutEmb_19
H24: OK | K24: StrCusAutEmb_20
F25: 7 | G25: PSU performs SCA | H25: PSU authorises transaction being able to use all applicable authentication procedures | I25: - Single SCA (often Private PSU, but can be Corporate PSU) | J25: ='SCA ReadingGuide'!B11 -> Country1_SingleSCA_AutFactor1 | K25: StrCusAutEmb_21
J26: ='SCA ReadingGuide'!B12 -> Country1_SingleSCA_AutFactor2 | K26: StrCusAutEmb_22
J27: ='SCA ReadingGuide'!B13 -> Country1_SingleSCA_AutFactor3 | K27: StrCusAutEmb_23
J28: ='SCA ReadingGuide'!B14 -> Country1_SingleSCA_AutFactor4 | K28: StrCusAutEmb_24
J29: ='SCA ReadingGuide'!B15 -> Country2_SingleSCA_AutFactor1 | K29: StrCusAutEmb_25
J30: ='SCA ReadingGuide'!B16 -> Country2_SingleSCA_AutFactor2 | K30: StrCusAutEmb_26
J31: ='SCA ReadingGuide'!B17 -> Country2_SingleSCA_AutFactor3 | K31: StrCusAutEmb_27
J32: ='SCA ReadingGuide'!B18 -> Country2_SingleSCA_AutFactor4 | K32: StrCusAutEmb_28
J33: ='SCA ReadingGuide'!B19 -> Country3_SingleSCA_AutFactor1 | K33: StrCusAutEmb_29
J34: ='SCA ReadingGuide'!B20 -> Country3_SingleSCA_AutFactor2 | K34: StrCusAutEmb_30
J35: ='SCA ReadingGuide'!B21 -> Country3_SingleSCA_AutFactor3 | K35: StrCusAutEmb_31
J36: ='SCA ReadingGuide'!B22 -> Country3_SingleSCA_AutFactor4 | K36: StrCusAutEmb_32
J37: ='SCA ReadingGuide'!B23 -> Country4_SingleSCA_AutFactor1 | K37: StrCusAutEmb_33
... J64: ='SCA ReadingGuide'!B50 -> Country10_SingleSCA_AutFactor4 | K64: StrCusAutEmb_60
I65: - Multilevel SCA (often Corporate PSU, e.g. 4 eye principle) | J65: ='SCA ReadingGuide'!B54 -> Country1_MultilevelSCA_AutFactor1 | K65: StrCusAutEmb_61
J66: ='SCA ReadingGuide'!B55 -> Country1_MultilevelSCA_AutFactor2 | K66: StrCusAutEmb_62
J67: ='SCA ReadingGuide'!B56 -> Country1_MultilevelSCA_AutFactor3 | K67: StrCusAutEmb_63
J68: ='SCA ReadingGuide'!B57 -> Country1_MultilevelSCA_AutFactor4 | K68: StrCusAutEmb_64
J69: ='SCA ReadingGuide'!B58 -> Country2_MultilevelSCA_AutFactor1 | K69: StrCusAutEmb_65
J70: ='SCA ReadingGuide'!B59 -> Country2_MultilevelSCA_AutFactor2 | K70: StrCusAutEmb_66
J71: ='SCA ReadingGuide'!B60 -> Country2_MultilevelSCA_AutFactor3 | K71: StrCusAutEmb_67
J72: ='SCA ReadingGuide'!B61 -> Country2_MultilevelSCA_AutFactor4 | K72: StrCusAutEmb_68
J73: ='SCA ReadingGuide'!B62 -> Country3_MultilevelSCA_AutFactor1 | K73: StrCusAutEmb_69
J74: ='SCA ReadingGuide'!B63 -> Country3_MultilevelSCA_AutFactor2 | K74: StrCusAutEmb_70
J75: ='SCA ReadingGuide'!B64 -> Country3_MultilevelSCA_AutFactor3 | K75: StrCusAutEmb_71
J76: ='SCA ReadingGuide'!B65 -> Country3_MultilevelSCA_AutFactor4 | K76: StrCusAutEmb_72
J77: ='SCA ReadingGuide'!B66 -> Country4_MultilevelSCA_AutFactor1 | K77: StrCusAutEmb_73
... J103: ='SCA ReadingGuide'!B92 -> Country10_MultilevelSCA_AutFactor4 | K103: StrCusAutEmb_99
F104: 8 | G104: Transaction authorisation | H104: SCA not validated and status is declined | I104: SCA status is retrieved for PIS/AIS/CAF transaction: SCA unsuccessful, correct response code should be returned | K104: StrCusAutEmb_100
H105: SCA request is validated and status is retrieved | I105: SCA status is retrieved for PIS/AIS/CAF transaction: SCA successful | J105: For PIS/AIS/CAF: SCA status should be finalised | K105: StrCusAutEmb_101
